[Event "DVM U12w 2024"]
[Site "Bad Homburg"]
[Date "2024.12.28"]
[Round "4"]
[White "Zietz, Leni"]
[Black "Dinges, Mara"]
[Result "1-0"]
[ECO "D02"]
[WhiteElo "1071"]
[BlackElo "854"]
[Annotator "NA RC"]
[PlyCount "79"]
[EventDate "2024.12.23"]
[EventType "team-tourn"]
[EventRounds "7"]
[EventCountry "GER"]
[SourceTitle "playchess.com"]
[Source "ChessBase"]
[SourceQuality "1"]
[TimeControl "40/5400+30:1800+30"]

1. d4 d5 2. Nf3 Nf6 3. Bf4 c5 4. e3 e6 5. Nbd2 b6 6. c4 Be7 7. Bd3 Bb7 8. O-O Nbd7 9. Ne5 Nxe5 10. Bxe5 O-O 11. Qf3 Nd7 12. Qh3 h6 13. Bf4 Bg5 14. Bg3 Re8 15. Nf3 Bf6 16. Bf4 e5 17. Nxe5 Nxe5 18. dxe5 Bg5 19. Bg3 Bc8 20. Bf5 Bxf5 21. Qxf5 dxc4 22. Rfd1 Qe7 23. Rac1 Qe6 24. Qxe6 Rxe6 25. Rxc4 Kh7 26. f4 Bd8 27. Rc2 Bc7 28. Rcd2 a5 29. Rd7 Rc8 30. Rxf7 b5 31. Rdd7 Rg8 32. Rxc7 c4 33. Be1 a4 34. Rb7 a3 35. Rxb5 Ra6 36. f5 Kh8 37. e6 Raa8 38. Bc3 h5 39. f6 Raf8 40. Rxh5# 1-0

[Event "DVM U12w 2024"]
[Site "Bad Homburg"]
[Date "2024.12.28"]
[Round "4"]
[White "Anaparthi, Anika"]
[Black "Raghavan, Madhushri"]
[Result "0-1"]
[ECO "C44"]
[WhiteElo "1052"]
[BlackElo "1410"]
[Annotator "NA RC"]
[PlyCount "122"]
[EventDate "2024.12.23"]
[EventType "team-tourn"]
[EventRounds "7"]
[EventCountry "GER"]
[SourceTitle "playchess.com"]
[Source "ChessBase"]
[SourceQuality "1"]
[TimeControl "40/5400+30:1800+30"]

1. e4 e5 2. Nf3 Nc6 3. c3 Nf6 4. d4 exd4 5. e5 Nd5 6. cxd4 f6 7. Bc4 Nb6 8. Bb3 d5 9. Nc3 Bb4 10. Bd2 O-O 11. O-O Bg4 12. Be3 Bxc3 13. bxc3 fxe5 14. dxe5 Nxe5 15. Bg5 Bxf3 16. Bxd8 Bxd1 17. Bxc7 Bxb3 18. axb3 Ng6 19. Rfe1 Rac8 20. Bd6 Rfe8 21. Rec1 a6 22. h3 Re6 23. Bb4 Nf4 24. Kf1 Nd3 25. Rd1 Nxb4 26. cxb4 Rc2 27. f3 Ree2 28. Rac1 Rf2+ 29. Kg1 Rxg2+ 30. Kh1 Rh2+ 31. Kg1 Rxc1 32. Rxc1 Rxh3 33. Kg2 Rh4 34. Rc7 Rxb4 35. Rxb7 Rxb3 36. Ra7 Ra3 37. Rb7 Nc4 38. Rd7 Ne3+ 39. Kf2 a5 40. Ke2 a4 41. Kd2 Rb3 42. Ra7 a3 43. Kc1 Nc4 44. Kc2 Rb2+ 45. Kc1 a2 46. Ra4 Rb1+ 47. Kc2 a1=Q 48. Rxa1 Rxa1 49. Kd3 h5 50. Kd4 h4 51. Kxd5 h3 52. Kxc4 h2 53. Kd4 h1=Q 54. Ke4 Ra4+ 55. Ke3 Qe1+ 56. Kd3 Ra8 57. Kd4 Rd8+ 58. Kc5 Qc1+ 59. Kb6 Rb8+ 60. Ka7 Qc7+ 61. Ka6 Qb6# 0-1

[Event "DVM U12w 2024"]
[Site "Bad Homburg"]
[Date "2024.12.28"]
[Round "4"]
[White "Mrugalski, Marie"]
[Black "Bacakova, Klara"]
[Result "1/2-1/2"]
[ECO "D02"]
[WhiteElo "1052"]
[BlackElo "1539"]
[Annotator "NA RC"]
[PlyCount "48"]
[EventDate "2024.12.23"]
[EventType "team-tourn"]
[EventRounds "7"]
[EventCountry "GER"]
[SourceTitle "playchess.com"]
[Source "ChessBase"]
[SourceQuality "1"]
[TimeControl "40/5400+30:1800+30"]

1. d4 d5 2. Bf4 Nf6 3. e3 e6 4. Bd3 Nbd7 5. Nf3 c5 6. c3 Be7 7. Nbd2 O-O 8. Qc2 c4 9. Be2 b5 10. O-O Nh5 11. Ne5 Nxf4 12. exf4 Nxe5 13. fxe5 f6 14. exf6 Bxf6 15. Nf3 Qd6 16. Rfe1 Bb7 17. Qd2 Rf7 18. Ng5 Bxg5 19. Qxg5 Qf4 20. Qxf4 Rxf4 21. Bh5 Rf6 22. Re5 Rf5 23. Rae1 Rxe5 24. Rxe5 Bc8 1/2-1/2

[Event "DVM U12w 2024"]
[Site "Bad Homburg"]
[Date "2024.12.28"]
[Round "4"]
[White "Bacakova, Johanna"]
[Black "Schindler, Amilia"]
[Result "1-0"]
[ECO "C56"]
[WhiteElo "1045"]
[BlackElo "790"]
[Annotator "NA RC"]
[PlyCount "55"]
[EventDate "2024.12.23"]
[EventType "team-tourn"]
[EventRounds "7"]
[EventCountry "GER"]
[SourceTitle "playchess.com"]
[Source "ChessBase"]
[SourceQuality "1"]
[TimeControl "40/5400+30:1800+30"]

1. e4 e5 2. Nf3 Nc6 3. d4 exd4 4. Bc4 Nf6 5. O-O Bc5 6. e5 Ne4 7. Qe2 d5 8. exd6 Bf5 9. dxc7 Qxc7 10. Nbd2 Qe7 11. Nxe4 Bxe4 12. Bg5 f6 13. Bf4 Na5 14. Bb5+ Bc6 15. Bxc6+ bxc6 16. Rfe1 Qxe2 17. Rxe2+ Be7 18. Rae1 Rd8 19. Rxe7+ Kf8 20. Bc7 Rc8 21. Bxa5 h5 22. Rd7 Re8 23. Bb4+ Kg8 24. Rxe8+ Kh7 25. Ree7 Rg8 26. Bd2 a6 27. Re6 f5 28. Rh6# 1-0

[Event "DVM U12w 2024"]
[Site "Bad Homburg"]
[Date "2024.12.28"]
[Round "4"]
[White "Haas, Valentina"]
[Black "Nuzhnaia, Daria"]
[Result "1-0"]
[ECO "D00"]
[WhiteElo "974"]
[BlackElo "831"]
[Annotator "NA RC"]
[PlyCount "69"]
[EventDate "2024.12.23"]
[EventType "team-tourn"]
[EventRounds "7"]
[EventCountry "GER"]
[SourceTitle "playchess.com"]
[Source "ChessBase"]
[SourceQuality "1"]
[TimeControl "40/5400+30:1800+30"]

1. d4 d5 2. e3 Nf6 3. Bd3 Bg4 4. f3 Bd7 5. f4 Nc6 6. c3 e6 7. Nf3 Be7 8. Ne5 O-O 9. Nd2 a6 10. O-O Nxe5 11. fxe5 Ne4 12. Nxe4 dxe4 13. Bxe4 Bb5 14. Qh5 f5 15. Bxb7 Bxf1 16. Bxa8 Qxa8 17. Kxf1 g6 18. Qf3 Qxf3+ 19. gxf3 g5 20. Ke2 f4 21. exf4 gxf4 22. Bd2 Kg7 23. Rg1+ Kh6 24. Rg4 Bg5 25. h4 Be7 26. Rxf4 Rxf4 27. Bxf4+ Kh5 28. Bg3 Bxh4 29. Bxh4 Kxh4 30. Kf2 Kh3 31. b4 h5 32. c4 h4 33. d5 exd5 34. cxd5 Kh2 35. e6 1-0

[Event "DVM U12w 2024"]
[Site "Bad Homburg"]
[Date "2024.12.28"]
[Round "4"]
[White "Khachaturyan, Viktoria"]
[Black "Gelbach, Amelia"]
[Result "1-0"]
[ECO "B20"]
[WhiteElo "966"]
[BlackElo "809"]
[Annotator "NA RC"]
[PlyCount "49"]
[EventDate "2024.12.23"]
[EventType "team-tourn"]
[EventRounds "7"]
[EventCountry "GER"]
[SourceTitle "playchess.com"]
[Source "ChessBase"]
[SourceQuality "1"]
[TimeControl "40/5400+30:1800+30"]

1. e4 c5 2. Bc4 e6 3. d4 cxd4 4. Qxd4 Nc6 5. Qd1 Nf6 6. Nc3 Bb4 7. Qe2 O-O 8. Nf3 Re8 9. Bg5 d5 10. Bd3 dxe4 11. Bxe4 h6 12. Bh4 Qd7 13. Rd1 Qc7 14. Bxf6 gxf6 15. O-O Bd6 16. g3 Ne7 17. Qe3 Rd8 18. Qxh6 e5 19. Qh7+ Kf8 20. Nb5 Qb6 21. c4 Bg4 22. Qh6+ Ke8 23. Qh8+ Kd7 24. Qxf6 Rh8 25. Rxd6+ 1-0

[Event "DVM U12w 2024"]
[Site "Bad Homburg"]
[Date "2024.12.28"]
[Round "4"]
[White "Wang, Lexin Selina"]
[Black "Daaboul, Ulla"]
[Result "0-1"]
[ECO "B30"]
[WhiteElo "920"]
[BlackElo "787"]
[Annotator "NA RC"]
[PlyCount "126"]
[EventDate "2024.12.23"]
[EventType "team-tourn"]
[EventRounds "7"]
[EventCountry "GER"]
[SourceTitle "playchess.com"]
[Source "ChessBase"]
[SourceQuality "1"]
[TimeControl "40/5400+30:1800+30"]

1. e4 c5 2. Nf3 Nc6 3. Bc4 d6 4. Nc3 g6 5. h3 Bg7 6. d3 Nf6 7. d4 cxd4 8. Nxd4 Bd7 9. O-O O-O 10. Re1 Ne5 11. Bf4 Nxc4 12. Nf3 Nxb2 13. Qb1 Nc4 14. Qxb7 Qa5 15. Qb3 Bb5 16. Qxb5 Qxc3 17. Qb3 Qxb3 18. axb3 Nb6 19. Ra6 d5 20. e5 Nh5 21. Be3 Nd7 22. Bd4 Nf4 23. Rxa7 Rxa7 24. Bxa7 Ra8 25. Be3 Nxe5 26. Bxf4 Nxf3+ 27. gxf3 Bc3 28. Rxe7 Ra1+ 29. Kg2 Ra2 30. Bh6 Ra8 31. Rc7 Be5 32. Re7 Bf6 33. Rd7 d4 34. b4 Be5 35. b5 f5 36. b6 Ra2 37. Rd8+ Kf7 38. b7 Rb2 39. Rd7+ Ke6 40. Rxh7 Rxc2 41. Kf1 d3 42. Bg7 Rc1+ 43. Kg2 Bd6 44. Rh8 Rb1 45. Re8+ Kd7 46. Re3 d2 47. Rd3 d1=Q 48. Rxd1 Rxd1 49. Bh6 Kc7 50. f4 Kxb7 51. h4 Bc5 52. Kf3 Rd2 53. Bg7 Bxf2 54. h5 gxh5 55. Bc3 Rd3+ 56. Ke2 Rxc3 57. Kxf2 Rc7 58. Ke3 Rh7 59. Kd4 h4 60. Ke5 h3 61. Kxf5 h2 62. Kg6 h1=Q 63. f5 Qh6# 0-1

[Event "DVM U12w 2024"]
[Site "Bad Homburg"]
[Date "2024.12.28"]
[Round "4"]
[White "Schindler, Mailin"]
[Black "Frank, Elisa"]
[Result "1-0"]
[ECO "C50"]
[WhiteElo "884"]
[BlackElo "801"]
[Annotator "NA RC"]
[PlyCount "25"]
[EventDate "2024.12.23"]
[EventType "team-tourn"]
[EventRounds "7"]
[EventCountry "GER"]
[SourceTitle "playchess.com"]
[Source "ChessBase"]
[SourceQuality "1"]
[TimeControl "40/5400+30:1800+30"]

1. e4 e5 2. Nf3 Nc6 3. Bc4 Bc5 4. Nc3 Nge7 5. d3 O-O 6. Be3 Bxe3 7. fxe3 d6 8. O-O Bg4 9. h3 Be6 10. Ng5 Bxc4 11. dxc4 Ng6 12. Qh5 f6 13. Qxh7# 1-0

[Event "DVM U12w 2024"]
[Site "Bad Homburg"]
[Date "2024.12.28"]
[Round "4"]
[White "He, Siqi"]
[Black "Yamshchikova, Oleksandra"]
[Result "0-1"]
[ECO "C50"]
[WhiteElo "870"]
[BlackElo "974"]
[Annotator "NA RC"]
[PlyCount "119"]
[EventDate "2024.12.23"]
[EventType "team-tourn"]
[EventRounds "7"]
[EventCountry "GER"]
[SourceTitle "playchess.com"]
[Source "ChessBase"]
[SourceQuality "1"]
[TimeControl "40/5400+30:1800+30"]

1. e4 e5 2. Nf3 Nc6 3. Bc4 Bc5 4. d3 h6 5. Nc3 Nf6 6. O-O O-O 7. a3 d6 8. h3 Be6 9. Bb3 Re8 10. Ba4 a6 11. Be3 Ba7 12. d4 exd4 13. Bxd4 b5 14. Bb3 d5 15. exd5 Bxd4 16. Nxd4 Nxd4 17. dxe6 Nxb3 18. cxb3 Qxd1 19. Rfxd1 Rxe6 20. a4 b4 21. Nd5 Nxd5 22. Rxd5 c6 23. Rd4 a5 24. Rad1 Rae8 25. Rd8 R6e7 26. Rxe8+ Rxe8 27. Rd6 Re1+ 28. Kh2 Rc1 29. Rd8+ Kh7 30. Ra8 Rc5 31. g4 Rc2 32. Rxa5 Rxf2+ 33. Kg3 Rxb2 34. Ra6 Rxb3+ 35. Kf2 Rb2+ 36. Kg3 Rc2 37. Ra8 b3 38. a5 b2 39. Rb8 Rc3+ 40. Kf2 Rc2+ 41. Kg3 Rc3+ 42. Kf2 Ra3 43. Rxb2 Rxa5 44. Ke3 Re5+ 45. Kd4 Rd5+ 46. Kc4 Ra5 47. Kb4 Rb5+ 48. Kc3 Rxb2 49. Kxb2 h5 50. gxh5 Kh6 51. Kc3 Kxh5 52. Kd4 Kh4 53. Ke5 Kxh3 54. Kd6 g5 55. Ke5 g4 56. Kf4 g3 57. Kf3 Kh2 58. Ke2 g2 59. Ke3 g1=Q+ 60. Kf3 0-1

[Event "DVM U12w 2024"]
[Site "Bad Homburg"]
[Date "2024.12.28"]
[Round "4"]
[White "Dennhardt, Mira"]
[Black "Winkler, Helena"]
[Result "0-1"]
[ECO "C42"]
[WhiteElo "830"]
[BlackElo "778"]
[Annotator "NA RC"]
[PlyCount "34"]
[EventDate "2024.12.23"]
[EventType "team-tourn"]
[EventRounds "7"]
[EventCountry "GER"]
[SourceTitle "playchess.com"]
[Source "ChessBase"]
[SourceQuality "1"]
[TimeControl "40/5400+30:1800+30"]

1. e4 e5 2. Nf3 Nf6 3. d3 d6 4. Nc3 Be7 5. Be2 O-O 6. O-O Nc6 7. g3 Bh3 8. Re1 Nd4 9. Nxd4 exd4 10. Nb5 c5 11. Bf4 a6 12. Na3 Nh5 13. Bxh5 g6 14. Bf3 b5 15. e5 b4 16. Bxa8 Qxa8 17. exd6 Qg2# 0-1

[Event "DVM U12w 2024"]
[Site "Bad Homburg"]
[Date "2024.12.28"]
[Round "4"]
[White "Henn, Lena"]
[Black "Rempel, Katharina"]
[Result "1-0"]
[ECO "C53"]
[WhiteElo "808"]
[BlackElo "851"]
[Annotator "NA RC"]
[PlyCount "45"]
[EventDate "2024.12.23"]
[EventType "team-tourn"]
[EventRounds "7"]
[EventCountry "GER"]
[SourceTitle "playchess.com"]
[Source "ChessBase"]
[SourceQuality "1"]
[TimeControl "40/5400+30:1800+30"]

1. e4 e5 2. Nf3 Nc6 3. d4 exd4 4. Bc4 h6 5. c3 Bc5 6. cxd4 Nxd4 7. Nxd4 Bxd4 8. Qxd4 d6 9. Qxg7 Qf6 10. Qg3 Qd4 11. Nd2 Nf6 12. Qg7 Rh7 13. Bxf7+ Ke7 14. Bg6+ Rxg7 15. Nf3 Qd3 16. Nh4 Nxe4 17. Bxh6 Rg8 18. f3 d5 19. fxe4 dxe4 20. Rf1 Be6 21. Rd1 Qb5 22. a4 Qxa4 23. Bg5# 1-0

[Event "DVM U12w 2024"]
[Site "Bad Homburg"]
[Date "2024.12.28"]
[Round "4"]
[White "Augustin, Luisa"]
[Black "Naz Öksüz, Meryem"]
[Result "0-1"]
[ECO "B01"]
[WhiteElo "797"]
[BlackElo "1296"]
[Annotator "NA"]
[PlyCount "120"]
[EventDate "2024.12.23"]
[EventType "team-tourn"]
[EventRounds "7"]
[EventCountry "GER"]
[SourceTitle "playchess.com"]
[Source "ChessBase"]
[SourceQuality "1"]
[TimeControl "40/5400+30:1800+30"]

1. e4 d5 2. exd5 Qxd5 3. Nc3 Qa5 4. Nf3 Bf5 5. Bd3 Bxd3 6. cxd3 c6 7. O-O Nf6 8. Ne4 Nxe4 9. dxe4 Qb4 10. Re1 e6 11. d4 Nd7 12. Qd2 Qxd2 13. Bxd2 Be7 14. d5 Nc5 15. dxc6 bxc6 16. Rac1 Nd3 17. Rxc6 Nxe1 18. Bxe1 O-O 19. Ne5 f6 20. Nd7 Rfd8 21. Rc7 Bd6 22. Rb7 Rac8 23. g3 Rc7 24. Rxc7 Bxc7 25. Nc5 Rd1 26. Kf1 Ba5 27. Nd3 Bxe1 28. Nxe1 Ra1 29. a3 Kf7 30. Ke2 f5 31. exf5 exf5 32. f4 Ra2 33. Nd3 Ke6 34. Ke3 Ra1 35. Nc5+ Kd5 36. Nd3 Rh1 37. h4 Rh3 38. Kf3 Rh1 39. Ke3 Rg1 40. Kf3 Kd4 41. Nf2 Rb1 42. b4 Rb3+ 43. Ke2 Rxa3 44. g4 Ra2+ 45. Kf3 fxg4+ 46. Nxg4 Ra3+ 47. Kg2 Ke4 48. Nf2+ Kxf4 49. b5 Rb3 50. Nd1 Rxb5 51. Kf2 a5 52. h5 a4 53. Nc3 Rb2+ 54. Ke1 a3 55. Kd1 a2 56. Nxa2 Rxa2 57. h6 gxh6 58. Ke1 Kf3 59. Kd1 Ke3 60. Kc1 Ra4 0-1

[Event "DVM U12w 2024"]
[Site "Bad Homburg"]
[Date "2024.12.28"]
[Round "4"]
[White "Brandt, Thea"]
[Black "Bykov, Sophia"]
[Result "0-1"]
[ECO "C50"]
[WhiteElo "794"]
[BlackElo "1033"]
[Annotator "NA RC"]
[PlyCount "40"]
[EventDate "2024.12.23"]
[EventType "team-tourn"]
[EventRounds "7"]
[EventCountry "GER"]
[SourceTitle "playchess.com"]
[Source "ChessBase"]
[SourceQuality "1"]
[TimeControl "40/5400+30:1800+30"]

1. e4 e5 2. Nf3 Nc6 3. Bc4 Bc5 4. d3 d6 5. O-O Bg4 6. Nc3 Nd4 7. Kh1 Bxf3 8. gxf3 Qf6 9. Rg1 Nxf3 10. Rg3 Nh4 11. Bg5 Qxf2 12. Bxh4 Nf6 13. Rh3 Qf4 14. Ne2 Qg4 15. Qf1 O-O-O 16. Bxf6 gxf6 17. Qxf6 Qxh3 18. Qxf7 Rhf8 19. Be6+ Kb8 20. Qe7 Qf5 0-1

[Event "DVM U12w 2024"]
[Site "Bad Homburg"]
[Date "2024.12.28"]
[Round "4"]
[White "Klymenko, Stefaniia"]
[Black "Senthilkumar, Vasanthi"]
[Result "1-0"]
[ECO "C50"]
[WhiteElo "785"]
[BlackElo "818"]
[Annotator "NA RC"]
[PlyCount "137"]
[EventDate "2024.12.23"]
[EventType "team-tourn"]
[EventRounds "7"]
[EventCountry "GER"]
[SourceTitle "playchess.com"]
[Source "ChessBase"]
[SourceQuality "1"]
[TimeControl "40/5400+30:1800+30"]

1. e4 e5 2. Nf3 Nc6 3. Bc4 Nf6 4. Nc3 Bc5 5. d3 h6 6. Be3 Bxe3 7. fxe3 d6 8. O-O Bg4 9. h3 Bh5 10. Nd5 O-O 11. d4 Nxe4 12. Qe1 Nf6 13. Nxf6+ Qxf6 14. d5 Nb4 15. Qxb4 Qg6 16. Bd3 c5 17. Bxg6 cxb4 18. Bxh5 Rac8 19. Rac1 Rc5 20. e4 Rc4 21. Nd2 Rd4 22. Rf2 Rc8 23. Rcf1 f6 24. Nb3 Rdc4 25. Na5 Rxc2 26. Rxc2 Rxc2 27. Nxb7 Rxb2 28. Rf2 Rb1+ 29. Rf1 Rb2 30. Nxd6 Rxa2 31. Rb1 Ra4 32. Nc4 a5 33. d6 Kf8 34. d7 Ke7 35. Rd1 Kd8 36. Nb6 b3 37. Nc8 b2 38. Nd6 g6 39. Nb7+ Kc7 40. d8=Q+ Kxb7 41. Rb1 Rb4 42. Qd2 gxh5 43. Rxb2 Rxb2 44. Qxb2+ Kc6 45. g4 hxg4 46. hxg4 Kd6 47. Qb5 Ke6 48. Qxa5 Kd6 49. Qd2+ Kc5 50. Qxh6 Kd4 51. Qxf6 Kxe4 52. g5 Kd5 53. g6 e4 54. g7 e3 55. Qf4 e2 56. Qf2 Ke6 57. Qxe2+ Kf7 58. Qg2 Kg8 59. Qa2+ Kxg7 60. Kg2 Kf6 61. Kf3 Kg6 62. Qa5 Kh7 63. Kg4 Kg7 64. Kg5 Kf8 65. Qa7 Ke8 66. Kf6 Kd8 67. Ke6 Kc8 68. Kd6 Kd8 69. Qd7# 1-0

[Event "DVM U12w 2024"]
[Site "Bad Homburg"]
[Date "2024.12.28"]
[Round "4"]
[White "Lorenz, Mina"]
[Black "Scarlat-Timofte, Elena"]
[Result "1-0"]
[ECO "C50"]
[WhiteElo "776"]
[BlackElo "1024"]
[Annotator "NA RC"]
[PlyCount "39"]
[EventDate "2024.12.23"]
[EventType "team-tourn"]
[EventRounds "7"]
[EventCountry "GER"]
[SourceTitle "playchess.com"]
[Source "ChessBase"]
[SourceQuality "1"]
[TimeControl "40/5400+30:1800+30"]

1. e4 e5 2. Nf3 Nc6 3. Bc4 Nf6 4. d3 Bc5 5. Nc3 O-O 6. Bg5 d6 7. Qd2 Na5 8. Nd5 Nc6 9. Nxf6+ gxf6 10. Bh6 Re8 11. h3 Bb4 12. c3 Ba5 13. g4 Qd7 14. g5 f5 15. g6 hxg6 16. Rg1 Kh8 17. Qg5 Rg8 18. Nh4 Ne7 19. Bxf7 Kh7 20. Qf6 1-0

[Event "DVM U12w 2024"]
[Site "Bad Homburg"]
[Date "2024.12.28"]
[Round "4"]
[White "Markl, Paula"]
[Black "Lachenmaier, Alica"]
[Result "0-1"]
[ECO "B24"]
[WhiteElo "759"]
[BlackElo "824"]
[Annotator "NA RC"]
[PlyCount "146"]
[EventDate "2024.12.23"]
[EventType "team-tourn"]
[EventRounds "7"]
[EventCountry "GER"]
[SourceTitle "playchess.com"]
[Source "ChessBase"]
[SourceQuality "1"]
[TimeControl "40/5400+30:1800+30"]

1. e4 c5 2. Nf3 Nc6 3. Nc3 g6 4. g3 Bg7 5. Bg2 e6 6. O-O d5 7. d3 Nge7 8. Bf4 e5 9. Bg5 f6 10. Bd2 d4 11. Ne2 O-O 12. a3 Qb6 13. Rb1 Be6 14. Nc1 Rad8 15. Nb3 Rd6 16. a4 a5 17. Qc1 Kf7 18. Bh6 f5 19. Bh3 Bxh6 20. Qxh6 Ke8 21. Ng5 Ng8 22. Qg7 Rd7 23. Qh8 Nf6 24. Qxf8+ Kxf8 25. Nxe6+ Ke7 26. Ng5 h6 27. Nf3 Qb4 28. Nh4 Kf7 29. Ra1 Rd6 30. Ra3 g5 31. Nxf5 Rd8 32. Nxh6+ Kg6 33. Nf5 g4 34. Nh4+ Kg5 35. f4+ Kh6 36. Nf5+ Kg6 37. Nh4+ Kf7 38. Bg2 c4 39. fxe5 Nxe5 40. Rf5 Ned7 41. e5 cxb3 42. Bd5+ Kg7 43. Rg5+ Kf8 44. Ng6+ Ke8 45. exf6 Qe1+ 46. Kg2 Qe2+ 47. Kg1 Qe3+ 48. Kg2 Qe2+ 49. Kg1 Nxf6 50. Re5+ Qxe5 51. Nxe5 Rxd5 52. Nc4 bxc2 53. Ra1 Ke7 54. Rc1 b5 55. Re1+ Kd8 56. Nb6 Rd6 57. Na8 Rc6 58. axb5 c1=Q 59. Rxc1 Rxc1+ 60. Kf2 Rc2+ 61. Ke1 Rxb2 62. b6 Nd5 63. Kf1 Nxb6 64. Nxb6 Rxb6 65. h3 gxh3 66. Kg1 a4 67. g4 a3 68. g5 a2 69. Kh2 a1=Q 70. Kg3 Qg1+ 71. Kf4 h2 72. Ke4 h1=Q+ 73. Ke5 Qxg5+ 0-1